 Dungeon Crawl Stone Soup version 0.20-a0-971-g5896763 (webtiles) character file.

200 Firecrotchwizard the Spear-Bearer (level 5, -1/38 HPs)
             Began as a Merfolk Gladiator on Apr 9, 2017.
             Slain by an orc
             ... wielding a +0 hand axe
              (2 damage)
             ... on level 5 of the Dungeon.
             The game lasted 00:06:22 (2426 turns).

Firecrotchwizard the Spear-Bearer (MfGl)            Turns: 2426, Time: 00:06:22

Health: -1/38      AC:  6    Str: 14    XL:     5   Next: 78%
Magic:  5/5        EV: 14    Int:  8    God:
Gold:   201        SH:  0    Dex: 16    Spells: 4/4 levels left

rFire    + . .     SeeInvis .   a - +0 trident
rCold    + . .     Gourm    .   (no shield)
rNeg     + . .     Faith    .   b - +0 leather armour
rPois    +         Spirit   .   s - +1 helmet
rElec    +         Reflect  .   j - +0 cloak
rCorr    +         Harm     .   (no gloves)
MR       .....                  (no boots)
Stlth    +.........             (no amulet)
Regen    0.2/turn               m - ring of positive energy
MPRegen  0.1/turn               (no ring)

@: resistant
A: change form in water, swift swim, stealthy swim
a: no special abilities


You were on level 5 of the Dungeon.
You were hungry.

You visited 1 branch of the dungeon, and saw 5 of its levels.

You collected 201 gold pieces.

Inventory:

Hand Weapons
 a - a +0 trident (weapon)
Missiles
 d - 3 throwing nets (quivered)
Armour
 b - a +0 leather armour (worn)
 j - a +0 cloak (worn)
 s - a +1 helmet (worn)
Jewellery
 m - a ring of positive energy (left hand)
Scrolls
 e - 3 scrolls of remove curse {unknown}
 g - 2 scrolls of identify {unknown}
 k - a scroll of recharging {unknown}
 l - 2 scrolls of enchant armour {unknown}
 p - a scroll of immolation {unknown}
 r - a scroll of blinking {unknown}
Potions
 h - a potion of mutation {unknown}
 o - a potion of haste {unknown}
Comestibles
 f - 2 bread rations
 i - a royal jelly
 q - 2 meat rations


   Skills:
 - Level 2.1 Fighting
 + Level 9.0 Polearms
 - Level 2.0 Throwing
 - Level 4.0 Dodging


You had 4 spell levels left.
You didn't know any spells.

Dungeon Overview and Level Annotations

Branches:
Dungeon (6/15)
 Temple: D:4-7

Altars:
Dithmenos
Elyvilon
Xom


Message History

The quokka barely misses you.
You closely miss the orc wizard.
The orc wizard is heavily wounded.
The orc wizard completely misses you. The quokka bites you.
* * * LOW HITPOINT WARNING * * *
The orc hits you but does no damage.
You hit the orc wizard but do no damage.
The quokka misses you. The orc barely misses you.
You puncture the orc wizard!
The orc wizard is heavily wounded.
The orc wizard gestures wildly while chanting.
The orc wizard blinks!
The quokka bites you.
* * * LOW HITPOINT WARNING * * *
It was a potion of resistance.
You feel protected.
The orc wizard points at you and mumbles some strange words.
The puff of frost hits you! You resist.
* * * LOW HITPOINT WARNING * * *
The orc hits you with a hand axe.
You die...

..........#........#......#
...♣._.♣...#####....#.....#
..........#####..#........#
#≈.(♣..≈#.........#.....#####
#≈≈...≈≈##########..........#
###...### ###(.....###..
...$.l. ####........###..
..........####r...#......#....
....$........@oc...........###
.##S#a.#######o#..#....#..##
#..#. #§...#.........# # .#.
.o..##....#......
...#.###.#.#.#....
.####..[...... .... .# .... .
... #... .. ..... .## #.. #.
..


You could see a centaur, 2 orc wizards, an orc and a quokka.

Vanquished Creatures
  A crimson imp (D:5)
  3 worker ants (D:5)
  Robin (D:2)
  2 adders
  2 worms (D:2)
  A dart slug (D:3)
  2 leopard geckos
  3 orcs (D:3)
  A ball python (D:1)
  5 bats
  2 giant cockroaches
  10 goblins
  7 hobgoblins
  2 frilled lizards
  5 kobolds
  7 rats
54 creatures vanquished.

Vanquished Creatures (others)
  A quokka (D:5)
1 creature vanquished.

Grand Total: 55 creatures vanquished

Notes
Turn   | Place    | Note
-------+----------+-------------------------------------------
     0 | D:1      | Firecrotchwizard the Merfolk Gladiator began the quest for the Orb.
     0 | D:1      | Reached XP level 1. HP: 16/16 MP: 1/1
   178 | D:1      | Reached skill level 5 in Polearms
   179 | D:1      | Reached XP level 2. HP: 22/22 MP: 2/2
   902 | D:2      | Reached skill level 6 in Polearms
   902 | D:2      | Reached XP level 3. HP: 27/27 MP: 3/3
  1308 | D:2      | Noticed Robin
  1349 | D:2      | Killed Robin
  1373 | D:2      | Reached XP level 4. HP: 18/33 MP: 4/4
  1374 | D:2      | Reached skill level 7 in Polearms
  1555 | D:2      | Found a shadowy altar of Dithmenos.
  1799 | D:3      | You fall through a shaft for 3 floors!
  1815 | D:6      | Found a shimmering altar of Xom.
  1826 | D:5      | Entered Level 5 of the Dungeon
  1853 | D:5      | HP: 1/33 [worker ant (4)]
  1861 | D:5      | Reached skill level 8 in Polearms
  1861 | D:5      | Reached XP level 5. HP: 14/38 MP: 5/5
  2076 | D:5      | Found a white marble altar of Elyvilon.
  2323 | D:5      | Reached skill level 9 in Polearms
  2408 | D:5      | Noticed a centaur
  2426 | D:5      | HP: 1/38 [orc wizard/puff of frost (2)]
  2426 | D:5      | Slain by an orc

Vault maps used:
D:1:      dpeg_arrival_radiant, minmay_pentomino_o4
D:2:      grunt_dithmenos_smoke_and_mirrors, uniq_robin
D:3:      old_standard_altar
D:5:      old_standard_altar, serial_shops, shop, first_bread, elyvilon_altar_4
D:6:      nicolae_overflow_hidden_temple, nicolae_overflow_crystal_walls,
          lemuel_zombie_altar_yredelemnul, minmay_temple_entry_glass

Skill      XL: |  1  2  3  4  5 |
---------------+----------------+-----
Polearms       | 5 6 8 9 |  9.0
Fighting       | |  2.1
Throwing       | |  2.0
Dodging        | |  4.0

Action                   |  1- 3 |  4- 6 || total
-------------------------+-------+-------++-------
Melee: Trident           |   110 |    84 ||   194
  Use: Potion            |       |     3 ||     3
 Stab: Sleeping          |     3 |       ||     3
  Eat: Chunk             |     1 |     3 ||     4
Armor: Leather armour    |    18 |    22 ||    40
Dodge: Dodged            |    57 |    67 ||   124
